Map: [ESL] Moondance

Players

Rhizer

  • Race: Protoss Protoss
  • Spawn Location: 6:00

NightPhoenix - Winner!

  • Race: Protoss Protoss
  • Spawn Location: 12:00

Event: DreamHack SC2 Masters 2022 Valencia

VOD

Have the link to the VOD?

Description

Time

  • Played on: July 1, 2022, 9:48 a.m.
  • Length: 16:37

All games in this series

Show
View Real Time Build Order
Export as new Build Order

Rhizer Protoss 

Build Orders: Phoenix Opening 

Get SALT Encoding   

  12  0:00  Probe  
  13  0:12  Probe  
  14  0:17  Pylon  
  14  0:24  Probe (Chrono Boost)  
  15  0:37  Probe (Chrono Boost), Gateway  
  16  0:45  Probe (Chrono Boost)  
  16  0:46  Assimilator  
  17  0:51  Probe  
  17  0:54  Assimilator  
  18  1:03  Probe (Chrono Boost)  
  19  1:11  Gateway  
  19  1:13  Probe (Chrono Boost)  
  19  1:18  Probe (Chrono Boost)  
  21  1:26  Cybernetics Core  
  21  1:30  Probe  
  22  1:37  Pylon  
  22  1:42  Probe  
  23  1:55  Probe  
  24  2:02  Stalker x2, Warp Gate (Chrono Boost)  
  24  2:08  Probe  
  29  2:15  Pylon  
  29  2:25  Stargate  
  29  2:38  Stalker  
  29  2:39  Stalker  
  33  2:47  Probe  
  34  2:58  Shield Battery  
  34  3:01  Shield Battery  
  34  3:10  Phoenix (Chrono Boost)  
  35  3:26  Phoenix  
  37  3:36  Pylon  
  37  3:44  Adept  
  37  3:47  Shield Battery  
  39  3:54  Phoenix (Chrono Boost)  
  41  4:01  Shield Battery  
  41  4:02  Adept  
  43  4:05  Pylon  
  43  4:06  Pylon  
  43  4:15  Stalker  
  43  4:16  Phoenix (Chrono Boost)  
  47  4:25  Stalker  
  49  4:40  Phoenix  
  51  5:02  Nexus  
  51  5:07  Probe  
  51  5:14  Robotics Facility  
  52  5:19  Probe  
  41  5:31  Probe  
  42  5:40  Stalker, Shield Battery x2  
  42  5:43  Probe  
  42  5:48  Sentry  
  45  6:00  Probe  
  45  6:01  Immortal (Chrono Boost)  
  50  6:12  Probe  
  50  6:17  Probe  
  52  6:24  Probe  
  53  6:27  Stalker, Zealot  
  53  6:30  Observer (Chrono Boost)  
  58  6:37  Robotics Facility  
  58  6:40  Probe  
  58  6:41  Probe  
  58  6:42  Assimilator  
  58  6:47  Immortal (Chrono Boost)  
  60  6:53  Probe  
  66  6:54  Probe  
  66  7:05  Probe  
  66  7:06  Probe  
  72  7:11  Void Ray, Pylon  
  72  7:18  Probe x2  
  72  7:21  Assimilator  
  70  7:24  Immortal (Chrono Boost)  
  72  7:32  Zealot x2  
  76  7:38  Probe x2  
  82  7:53  Void Ray (Chrono Boost)  
  82  7:56  Zealot x2  
  82  8:03  Immortal  
  81  8:15  Observer  
  76  8:20  Stalker x2, Probe  
  85  8:28  Void Ray (Chrono Boost)  
  85  8:42  Pylon  
  85  8:48  Nexus  
  85  8:59  Pylon  
  84  9:08  Void Ray (Chrono Boost), Probe  
  85  9:14  Immortal  
  85  9:16  Probe  
  90  9:20  Probe  
  91  9:27  Sentry x2  
  91  9:30  Twilight Council  
  95  9:46  Probe  
  100  9:58  Void Ray  
  100  10:00  Immortal  
  104  10:10  Zealot x2  
  96  10:30  Probe x2  
  96  10:31  Probe  
  97  10:42  Void Ray  
  100  10:43  Stalker x2, Charge (Chrono Boost), Warp Prism (Chrono Boost)  
  102  10:50  Gateway  
  102  10:52  Probe x2  
  102  10:53  Gateway  
  102  10:59  Gateway, Assimilator  
  100  11:10  Pylon  
  100  11:13  Observer  
  97  11:30  Stalker x2  
  97  11:34  Immortal  
  97  11:35  Gateway  
  97  11:36  Gateway  
  97  11:39  Gateway  
  101  11:41  Pylon  
  101  11:46  Stalker  
  100  11:47  Templar Archives  
  100  11:48  Probe  
  99  11:55  Zealot x4  
  70  12:47  Stalker x2  
  70  12:48  Stalker x2  
  64  12:56  Shield Battery  
  56  13:12  Stalker x3  
  54  13:38  Probe  
  54  13:41  Blink (Chrono Boost)  
  53  13:50  Probe  
  48  14:01  Stalker x2  
  48  14:02  Probe  
  47  14:16  Observer  
  41  14:24  Zealot x4  
  45  14:49  Stalker x2  
  45  14:50  Stalker  
  49  15:10  Observer  
  41  15:26  Stalker, Zealot x3  
  41  15:48  Stalker  
  41  15:49  Stalker  
  45  15:52  Zealot  
  43  16:04  Zealot  
  41  16:13  Stalker  
  39  16:21  Zealot  
Show
View Real Time Build Order
Export as new Build Order

NightPhoenix Protoss - Winner!

Build Orders: Oracle Opening 

Get SALT Encoding   

  12  0:00  Probe  
  13  0:12  Probe  
  14  0:17  Pylon  
  14  0:24  Probe  
  15  0:36  Probe (Chrono Boost)  
  15  0:37  Gateway  
  16  0:46  Probe (Chrono Boost), Assimilator  
  17  0:51  Probe (Chrono Boost)  
  17  0:54  Assimilator  
  18  1:03  Probe (Chrono Boost)  
  19  1:08  Gateway  
  19  1:14  Probe (Chrono Boost)  
  20  1:19  Probe (Chrono Boost)  
  20  1:25  Cybernetics Core  
  21  1:30  Probe  
  22  1:41  Pylon  
  22  1:42  Probe  
  23  1:59  Probe  
  24  2:02  Warp Gate, Adept x2  
  28  2:11  Pylon, Probe  
  29  2:21  Stargate  
  29  2:34  Adept x2  
  33  2:40  Pylon  
  31  3:02  Shield Battery  
  31  3:08  Stalker  
  31  3:09  Void Ray (Chrono Boost)  
  37  3:16  Stalker  
  37  3:25  Gateway  
  37  3:39  Oracle  
  37  3:40  Pylon  
  40  3:51  Stalker  
  40  3:55  Stalker  
  44  4:18  Stalker  
  44  4:19  Stalker  
  44  4:23  Stalker  
  46  4:40  Nexus  
  46  4:50  Twilight Council  
  46  4:53  Probe  
  47  5:00  Stalker  
  47  5:05  Probe  
  50  5:11  Stalker  
  52  5:20  Stalker  
  50  5:30  Blink (Chrono Boost)  
  50  5:35  Probe  
  51  5:49  Probe  
  52  5:51  Stalker  
  54  5:57  Stalker  
  54  6:02  Probe x2  
  58  6:05  Shield Battery  
  58  6:07  Stalker  
  60  6:14  Probe x2  
  55  6:20  Stalker  
  57  6:26  Probe x2  
  57  6:30  Stalker  
  61  6:38  Probe x2  
  63  6:41  Stalker  
  65  6:50  Probe  
  65  6:51  Probe  
  65  6:52  Stalker  
  69  7:03  Probe  
  70  7:08  Pylon  
  70  7:09  Pylon  
  70  7:26  Probe  
  70  7:28  Stalker x3  
  77  7:31  Probe  
  78  7:38  Probe  
  79  7:44  Nexus  
  79  7:46  Pylon  
  69  8:06  Probe x2  
  64  8:20  Probe x2  
  64  8:22  Stalker x3  
  69  8:32  Probe  
  69  8:34  Gateway  
  70  8:35  Gateway, Assimilator  
  70  8:36  Gateway x2, Assimilator  
  70  8:47  Stalker x2  
  74  8:50  Stalker  
  76  8:59  Probe  
  76  9:00  Probe  
  76  9:02  Pylon  
  76  9:06  Probe  
  77  9:11  Probe  
  78  9:26  Stalker, Probe x3  
  78  9:27  Stalker  
  78  9:28  Stalker  
  78  9:31  Forge  
  87  9:41  Probe x2  
  87  9:42  Probe  
  90  9:48  Stalker x2  
  90  9:49  Stalker, Pylon  
  96  10:10  Stalker x4  
  94  10:32  Stalker x2  
  94  10:33  Stalker x3  
  98  10:42  Protoss Ground Weapons Level 1 (Chrono Boost)  
  90  10:43  Probe x2  
  90  10:44  Probe  
  90  10:46  Stalker  
  95  10:51  Nexus  
  95  10:53  Pylon  
  95  10:55  Probe  
  95  10:56  Probe x2  
  98  10:57  Stalker x2  
  98  10:58  Stalker  
  100  11:06  Shield Battery  
  100  11:09  Shield Battery x2  
  100  11:11  Probe x3  
  87  11:30  Stalker x4  
  87  11:31  Stalker x3  
  95  11:38  Probe x3  
  98  11:55  Stalker x2  
  98  11:56  Stalker x5  
  97  12:21  Stalker x5  
  79  12:33  Sentry x2  
  63  12:44  Stalker  
  63  12:50  Stalker  
  58  12:58  Sentry  
  58  13:00  Sentry  
  60  13:13  Stalker  
  60  13:20  Stalker  
  62  13:31  Stalker x2  
  66  13:36  Stalker  
  64  13:41  Stalker  
  64  13:46  Stalker  
  60  13:59  Stalker  
  60  14:01  Stalker  
  58  14:04  Stalker  
  58  14:14  Stalker  
  52  14:18  Assimilator  
  52  14:20  Assimilator  
  52  14:22  Stalker  
  52  14:23  Pylon  
  52  14:36  Stalker  
  48  14:40  Stalker  
  50  14:50  Stalker  
  52  14:57  Stalker  
  54  15:03  Stalker  
  54  15:06  Stalker  
  55  15:10  Stalker  
  49  15:27  Stalker x2  
  51  15:34  Stalker  
  53  15:43  Stalker  
  47  16:11  Stalker x3  
  51  16:20  Stalker  

Tags
 
Add a new tag
Caveats
  • Supply blocks, unpowered buildings, or Contaminate may cause inaccurate times.
  • Supply counts are checked every 10 seconds.